 Dungeon Crawl Stone Soup version 0.24.0-13-gcf9b319 (webtiles) character file.

Game seed: 4364186448387036651, levelgen mode: deterministic

1358 DJSashaDrone the Shield-Bearer (level 8, -2/73 HPs)
             Began as a Gargoyle Fighter on Mar 11, 2020.
             Was an Initiate of Makhleb.
             Killed from afar by an orc wizard (3 damage)
             ... with a magic dart
             ... on level 6 of the Dungeon.
             The game lasted 00:13:24 (5117 turns).

DJSashaDrone the Shield-Bearer (Gargoyle Fighter)   Turns: 5117, Time: 00:13:25

Health: -2/73      AC: 18    Str: 25    XL:     8   Next: 64%
Magic:  8/8        EV:  9    Int:  9    God:    Makhleb [......]
Gold:   368        SH: 11    Dex: 11    Spells: 7/7 levels left

rFire    . . .     SeeInvis .   a - +0 trident
rCold    . . .     Gourm    .   y - +0 shield (curse)
rNeg     + . .     Faith    .   b - +3 scale mail
rPois    ∞         Spirit   .   o - +0 helmet
rElec    +         Reflect  .   (no cloak)
rCorr    .         Harm     .   (no gloves)
MR       .....                  l - +0 pair of boots
Stlth    ..........             (no amulet)
HPRegen  0.22/turn              (no ring)
MPRegen  0.11/turn              (no ring)

@: berserking (expiring), very quick
A: negative energy resistance 1, electricity resistance, unbreathing,
petrification resistance, rot immunity, AC +5
a: Renounce Religion


You were on level 6 of the Dungeon.
You worshipped Makhleb.
Makhleb was noncommittal.
You were not hungry.

You visited 2 branches of the dungeon, and saw 7 of its levels.

You collected 368 gold pieces.

Inventory:

Hand Weapons
 a - a +0 trident (weapon)
 d - a +2 scythe of distortion
Armour
 b - a +3 scale mail (worn)
 l - a +0 pair of boots (worn)
 o - a +0 helmet (worn)
 y - a cursed +0 shield (worn)
Jewellery
 C - an uncursed amulet of rage {unknown}
 D - an uncursed ring of stealth {unknown}
Wands
 t - a wand of random effects (9)
Scrolls
 i - 3 scrolls of remove curse
 j - a scroll of fog
 k - 2 scrolls of random uselessness
 n - 3 scrolls of teleportation
 q - 2 scrolls of amnesia
 u - 2 scrolls of immolation {unknown}
 w - 3 scrolls of magic mapping {unknown}
Potions
 c - a potion of lignification {unknown}
 e - 2 potions of haste {unknown}
 h - 2 potions of agility {unknown}
 m - 2 potions of resistance {unknown}
 p - 2 potions of ambrosia {unknown}
 r - 4 potions of curing {unknown}
 v - 2 potions of degeneration {unknown}
 x - 2 potions of mutation {unknown}
 A - a potion of flight {unknown}
 B - a potion of heal wounds {unknown}
Comestibles
 f - 5 rations
 s - a chunk of flesh


   Skills:
 * Level 5.0 Fighting
 + Level 4.5 Polearms
 * Level 5.5 Armour
 * Level 2.9 Dodging
 * Level 4.1 Stealth
 * Level 6.4 Shields


You had 7 spell levels left.
You didn't know any spells.
Your spell library was empty.

Dungeon Overview and Level Annotations

Branches:
Dungeon (6/15)             Temple (1/1) D:6

Altars:
Ashenzari
Dithmenos
Elyvilon
Fedhas
Gozag
Hepliaklqana
Kikubaaqudgha
Makhleb
Nemelex Xobeh
Okawaru
Qazlal
Ru
Sif Muna
Trog
Uskayaw
Vehumet
Wu Jian
Xom
Yredelemnul
Zin
The Shining One

Shops:
D:6 %


Innate Abilities, Weirdness & Mutations

You are resistant to torment.
Your stone body is resilient. (AC +5)
You are immune to poison.
You resist negative energy. (rN+)
You are resistant to electric shocks. (rElec)
You can survive without breathing.
You are immune to petrification.
You are immune to rotting.


Message History

A puff of flame appears from out of thin air!
The puff of flame misses you. You block the orc warrior's attack.
The orc throws a boomerang.
The boomerang hits you but does no damage.
The weapon returns to the orc!
The orc wizard hits you but does no damage.
You closely miss the orc warrior.
The orc warrior is heavily wounded.
You block the orc's attack.
The orc wizard hits you but does no damage.
You block the iguana's attack. Something hits you.
* * * LOW HITPOINT WARNING * * *
Something burns you.
* * * LOW HITPOINT WARNING * * *
You block the orc warrior's attack.
You puncture the orc warrior!
The orc warrior is almost dead.
The orc wizard gestures at you while chanting.
The magic dart hits you.
You die...

...................# %..
..................## ...
≈≈≈≈§..............#
...§ ###≈..............#
...§§#∩'...............#
....≈###≈..............#
....≈≈≈≈≈..............#
....o.o)l..............#
......{@...$............
......oo..............#.
........[.............#.
......................#.
.............8⌠..>....##
...........!..........##
.............8÷)>.....##
..............%.......#
......8⌠.......#


You could see an orc warrior, an iguana, an orc wizard and 2 orcs.

Vanquished Creatures
  Sigmund (D:2)
  2 sky beasts (D:5)
  2 orc warriors (D:6)
  An ogre (D:4)
  A centaur (D:5)
  A bullfrog (D:6)
  A crimson imp (D:5)
  2 orc priests
  A hound (D:4)
  3 orc wizards (D:5)
  A centaur skeleton (D:5)
  A gnoll shaman (D:5)
  A jelly (D:5)
  Natasha (thrice) (D:3)
  A worker ant (D:4)
  A killer bee zombie (D:5)
  A hound zombie (D:5)
  3 gnolls (D:5)
  4 adders
  A worm (D:5)
  A dart slug (D:2)
  6 leopard geckos
  13 orcs
  7 bats
  4 giant cockroaches
  4 hobgoblins
  18 jackals
  10 kobolds
  A quokka (D:5)
  A ball python (D:3)
  7 frilled lizards
  8 goblins
  A jackal skeleton (D:4)
  A leopard gecko skeleton (D:6)
  A quokka skeleton (D:5)
  6 rats
121 creatures vanquished.

Notes
Turn   | Place    | Note
-------+----------+-------------------------------------------
     0 | D:1      | DJSashaDrone the Gargoyle Fighter began the quest for the
                  | Orb.
     0 | D:1      | Reached XP level 1. HP: 14/14 MP: 1/1
   727 | D:1      | Reached XP level 2. HP: 19/19 MP: 2/2
  1005 | D:2      | Reached XP level 3. HP: 11/23 MP: 3/3
  1260 | D:2      | Reached skill level 1 in Stealth
  1264 | D:2      | Noticed Sigmund
  1275 | D:2      | Killed Sigmund
  1275 | D:2      | Reached skill level 1 in Dodging
  1275 | D:2      | Reached skill level 4 in Shields
  1275 | D:2      | Reached XP level 4. HP: 21/29 MP: 4/4
  1275 | D:2      | Reached XP level 5. HP: 24/33 MP: 5/5
  1713 | D:3      | Reached XP level 6. HP: 38/38 MP: 6/6
  1737 | D:3      | Noticed Natasha
  1747 | D:3      | Killed Natasha
  1978 | D:3      | Reached skill level 5 in Shields
  2164 | D:3      | Noticed Natasha
  2187 | D:3      | Killed Natasha
  2323 | D:3      | Noticed Natasha
  2335 | D:3      | Killed Natasha
  2887 | D:4      | Reached XP level 7. HP: 43/43 MP: 7/7
  3280 | D:5      | Entered Level 5 of the Dungeon
  3681 | D:5      | Reached XP level 8. HP: 15/48 MP: 8/8
  3894 | D:5      | Reached skill level 5 in Armour
  3969 | D:5      | Reached skill level 6 in Shields
  4560 | D:6      | Found a staircase to the Ecumenical Temple.
  4931 | Temple   | Entered the Ecumenical Temple
  5039 | Temple   | Became a worshipper of Makhleb the Destroyer
  5089 | D:6      | Found Yzyepn's Food Boutique.
  5108 | D:6      | Reached skill level 5 in Fighting
  5116 | D:6      | HP: 3/73 [something (3)]
  5116 | D:6      | HP: 1/73 [something (2)]
  5117 | D:6      | Killed from afar by an orc wizard

Levels and vault maps discovered:
D:1:      dpeg_arrival_windows_large_door, layout_basic
D:2:      cheibrodos_helix_gallery, layout_rooms, first_ration, uniq_sigmund
D:3:      layout_basic, minmay_bisected, uniq_natasha
D:4:      layout_gridville, grunt_tough_drop
D:5:      layout_gridville
D:6:      layout_basic, minmay_temple_entry_drinking_statues, serial_shops,
          kennysheep_mini_moat
Temple:   compressed_dpeg_triangle_lava_temple

Skill      XL: |  1  2  3  4  5  6  7  8 |
---------------+-------------------------+-----
Polearms       | 2 3 4 |  4.5
Stealth        | 1 2 3 4 |  4.1
Dodging        | 1 2 |  2.9
Shields        | 4 5 6 |  6.4
Fighting       | 4 5 |  5.0
Armour         | 4 5 |  5.5

Action                   |  1- 3 |  4- 6 |  7- 9 || total
-------------------------+-------+-------+-------++-------
Melee: Trident           |   137 |   158 |   287 ||   582
  Use: Scroll            |     1 |     3 |     4 ||     8
       Potion            |     1 |       |     2 ||     3
  Eat: Chunk             |     1 |     5 |     3 ||     9
       Ration            |       |       |     2 ||     2
Armor: Scale mail        |   140 |    63 |   177 ||   380
Dodge: Dodged            |    88 |    63 |   107 ||   258
Block: Shield            |   122 |    76 |   184 ||   382
